[Event "Live Chess"]
[Site "Chess.com"]
[Date "2024.06.02"]
[Round "-"]
[White "CheckThis4"]
[Black "wadsy27"]
[Result "0-1"]
[WhiteElo "2680"]
[BlackElo "2584"]
[TimeControl "300"]
[EndTime "6:44:33 PDT"]
[Termination "wadsy27 won by resignation"]

1. d4 d5 2. c4 c6 3. Nc3 Nf6 4.
Nf3 a6 5. e3 b5 6. b3 Bg4 7. Be2 e6 8. h3 Bh5 9. O-O Bd6 10. Bb2 O-O 11. Ne5 Bxe2 12. Qxe2 Qc7 13. cxd5 cxd5 14. Rac1 Qb7 15. f4 Nbd7 16. g4 Rac8 17.
g5 Ne4 18. Nxe4 dxe4 19. Qd2 Nb6 20. Qa5 Nd5 21. Kf2 Bxe5 22. dxe5 g6 23. Bd4 Rxc1 24.
Rxc1 Rc8 25. Rc5 Rxc5 26. Bxc5 Qc8 27. b4 h6 28. h4 hxg5 29. hxg5 Nc3 30. Qa3 Na4 31.
Qc1 a5 32. a3 axb4 33. axb4 Qd7 34. Qc2 Qc6 35. Kg3 Qd5 36. Be7 Qc4 37. Qf2 Nc3 38. Bf6 Qe2 39. Qg1 Qf3+ 40. Kh2 Nd1 41. Qe1 Nxe3 42. Qd2 Nf1+ 0-1

[Event "Live Chess"]
[Site "Chess.com"]
[Date "2024.06.02"]
[Round "-"]
[White "r0ad_t0-gm"]
[Black "Ksenia_2013"]
[Result "1-0"]
[WhiteElo "2306"]
[BlackElo "965"]
[TimeControl "300"]
[EndTime "6:44:41 PDT"]
[Termination "r0ad_t0-gm won by checkmate"]

1. Nf3 Nf6 2. g3 g6 3. b3 Bg7 4. Bb2 Nc6 5. Bg2 O-O 6. O-O d6 7. d4 Bf5 8. Nbd2 Nd5 9. e4 Bxe4 10. Nxe4 Ncb4 11. a3 Nc6 12. c4 Nf6 13. Nxf6+ Bxf6 14. Qd2 Bg7 15. d5 Ne5 16. Nxe5 dxe5 17. Rfe1 e4 18. Bxg7 Kxg7 19. Rxe4 Kg8 20. Rae1 Qd6 21. Qh6 Qxa3 22. Rh4 f5 23. Qxh7# 1-0

[Event "Live Chess"]
[Site "Chess.com"]
[Date "2024.06.02"]
[Round "-"]
[White "booktrunk"]
[Black "NottheBishopSacrifice"]
[Result "0-1"]
[WhiteElo "1499"]
[BlackElo "2327"]
[TimeControl "300"]
[EndTime "6:44:46 PDT"]
[Termination "NottheBishopSacrifice won by checkmate"]

1. d4 d5 2. Nc3 Nf6 3. Bf4 c5 4. dxc5 e6 5. e3 Bxc5 6. Nb5 Na6 7. a3 O-O 8. Nf3 Bd7 9. h3 Bxb5 10. Bxb5 Qb6 11.
Bxa6 Qxa6 12. Rb1 Ne4 13. Qd3 Qb6 14. O-O Bd6 15. Bxd6 Nxd6 16. Rfd1 Rac8 17. Rdc1 h6 18. Qd4 Qc7 19. c3 Nc4 20. e4 Rfd8 21. exd5 Rxd5 22.
Qg4 Nd2 23. Nxd2 Rxd2 24. Qf3 Rcd8 25. Qg3 Qxg3 26. fxg3 Re2 27. Re1 Rc2 28. Rec1 Rdd2 29.
Rxc2 Rxc2 30. Kh2 Kf8 31. g4 Ke7 32. Kg3 e5 33. Kf3 Ke6 34. Kg3 g6 35. Kf3 f5 36.
gxf5+ gxf5 37. g3 e4+ 38. Ke3 Ke5 39. h4 Rg2 40. Rd1 Rxg3+ 41. Kf2 Rf3+ 42. Ke2 Rh3 43. Rd7 Rh2+ 44. Kf1 Rxb2 45. Rh7 f4 46. Rxh6 e3 47. Rh5+ Ke4 48. Rc5 Rb1+ 49. Ke2 f3# 0-1

[Event "Live Chess"]
[Site "Chess.com"]
[Date "2024.06.02"]
[Round "-"]
[White "GerardATHart"]
[Black "GEMdzq"]
[Result "0-1"]
[WhiteElo "1361"]
[BlackElo "2292"]
[TimeControl "300"]
[EndTime "6:44:46 PDT"]
[Termination "GEMdzq won by resignation"]

1. e4 Nf6 2. e5 Nd5 3. Nf3 d6 4. exd6 cxd6 5. d4 g6 6. c4 Nb6 7. Nc3 Bg7 8. Be3 O-O 9. Qd2 Nc6 10. Bd3 Nb4 11. Be2 Bf5 12. O-O-O Na4 13. a3 Nxc3 14.
Qxc3 Na2+ 0-1

[Event "Live Chess"]
[Site "Chess.com"]
[Date "2024.06.02"]
[Round "-"]
[White "Harry_Li"]
[Black "Inglaterra"]
[Result "0-1"]
[WhiteElo "2122"]
[BlackElo "2064"]
[TimeControl "300"]
[EndTime "6:44:47 PDT"]
[Termination "Inglaterra won by resignation"]

1. d4 d5 2. Bf4 e6 3. e3 Nf6 4. c3 Bd6 5. Bg3 O-O 6. Nd2 b6 7. Ngf3 Bb7 8. Bd3 Nbd7 9. O-O Ne4 10. Bh4 f6 11. Qc2 g5 12. Bg3 f5 13. Bxd6 cxd6 14. Ne1 Rc8 15. f3 Nxd2 16. Qxd2 Qf6 17. f4 h6 18. a4 a6 19. a5 b5 20. Nc2 Kg7 21.
Nb4 Qg6 22. Kh1 Nf6 23. Rac1 Qh5 24. Be2 Qh4 25. g3 Qh3 26. Bf3 Ne4 27. Qe2 Nxg3+ 0-1

[Event "Live Chess"]
[Site "Chess.com"]
[Date "2024.06.02"]
[Round "-"]
[White "Anareza_Firouzja"]
[Black "Step-S"]
[Result "1-0"]
[WhiteElo "1888"]
[BlackElo "1328"]
[TimeControl "300"]
[EndTime "6:45:22 PDT"]
[Termination "Anareza_Firouzja won by checkmate"]

1. e4 c6 2. d4 d5 3. f3 dxe4 4. fxe4 e6 5. Nf3 Nf6 6. e5 Nd5 7. c3 Nd7 8. Bd3 N7b6 9. O-O h6 10. Nbd2 Be7 11. Ne4 Bd7 12. Bc2 Qc7 13. a4 c5 14. a5 Nc4 15. Qe2 Nxa5 16. c4 Nb6 17.
dxc5 Nbxc4 18. Nd6+ Bxd6 19. cxd6 Qc5+ 20. Kh1 O-O 21.
Qe4 g6 22. Bxh6 Rfc8 23. Qf4 Ne3 24. Qf6 Nf5 25. Bxf5 gxf5 26. Qg7# 1-0

[Event "Live Chess"]
[Site "Chess.com"]
[Date "2024.06.02"]
[Round "-"]
[White "Nazar-Makarchuk"]
[Black "r0ad_t0-gm"]
[Result "0-1"]
[WhiteElo "1459"]
[BlackElo "2306"]
[TimeControl "300"]
[EndTime "6:45:56 PDT"]
[Termination "r0ad_t0-gm won by resignation"]

1. e4 c5 2. c3 Nf6 3. e5 Nd5 4. d4 cxd4 5. cxd4 d6 6. exd6 Qxd6 7. Nf3 Nc6 8. Nc3 Bg4 9. Nxd5 Qxd5 10. Be2 g6 11. O-O Bg7 12. Be3 O-O 13. Ne5 Bxe2 14. Qxe2 Nxe5 15. dxe5 Qxe5 16. Rab1 Rfd8 17. Rfe1 b6 18.
Bc1 Qxe2 0-1

[Event "Live Chess"]
[Site "Chess.com"]
[Date "2024.06.02"]
[Round "-"]
[White "beltmanjb"]
[Black "peteopeteo"]
[Result "1-0"]
[WhiteElo "1691"]
[BlackElo "1551"]
[TimeControl "300"]
[EndTime "6:46:18 PDT"]
[Termination "beltmanjb won by resignation"]

1. d4 d5 2. c4 c6 3. Nf3 Bf5 4. cxd5 cxd5 5. Qb3 Bc8 6. Nc3 e6 7. Bf4 Nf6 8. e3 Bd6 9. Bb5+ Nc6 10. Bg5 Be7 11. O-O O-O 12. Rac1 a6 13. Bd3 Bd7 14. Na4 b5 15. Nc5 Bc8 16. Nxe6 fxe6 17. Rxc6 Bd7 18.
Rc2 Rc8 19. Rfc1 Ng4 20. Rxc8 Bxc8 21. Bxe7 Qxe7 22. h3 Nf6 23. Ne5 Ne4 24. f3 Ng5 25. Qc2 Nxf3+ 26. Nxf3 Rxf3 27. gxf3 Qg5+ 28. Kf2 Qh4+ 29.
Kg2 Qg5+ 30. Kh2 Bd7 31. Rg1 Qxe3 32. Bxh7+ Kh8 33. Bg6 Qxd4 34. Qg2 Qf4+ 35. Qg3 Qd2+ 36. Rg2 Qh6 37. Qb8+ 1-0

[Event "Live Chess"]
[Site "Chess.com"]
[Date "2024.06.02"]
[Round "-"]
[White "yarek"]
[Black "Eva3337"]
[Result "1-0"]
[WhiteElo "1747"]
[BlackElo "1177"]
[TimeControl "300"]
[EndTime "6:46:29 PDT"]
[Termination "yarek won by checkmate"]

1. e4 Nc6 2. d4 e6 3. c3 d5 4. e5 f6 5. f4 Bd7 6. Nf3 Qe7 7.
Bd3 O-O-O 8. O-O f5 9. b4 a6 10. b5 axb5 11. Bxb5 Na7 12. Bd3 Bb5 13. a4 Bxd3 14.
Qxd3 c5 15. Ba3 Qc7 16. Nbd2 c4 17. Qc2 Bxa3 18. Rxa3 Nh6 19. h3 Rhg8 20. Ng5 Qe7 21. Qb2 Nf7 22. Ndf3 Nxg5 23. Nxg5 h6 24. Nf3 g5 25.
fxg5 hxg5 26. Rb1 Rd7 27. Qb6 Nc6 28. a5 g4 29. hxg4 Rxg4 30. a6 Qxa3 31. axb7+ Kb8 32. Qxc6 Qa2 33. Qc8+ Ka7 34. b8=Q# 1-0

[Event "Live Chess"]
[Site "Chess.com"]
[Date "2024.06.02"]
[Round "-"]
[White "Crowded_House"]
[Black "f4nomore"]
[Result "1-0"]
[WhiteElo "1629"]
[BlackElo "1275"]
[TimeControl "300"]
[EndTime "6:46:30 PDT"]
[Termination "Crowded_House won on time"]

1. d4 g6 2. Bg5 Bg7 3. c3 d6 4. e3 Nf6 5. Nd2 O-O 6. Ngf3 Nc6 7. Bd3 Qe8 8. O-O e5 9. dxe5 Nxe5 10. Bxf6 Bxf6 11. Nxe5 Qxe5 12. Nf3 Qe8 13. Bc4 Be6 14. Bxe6 Qxe6 15. Nd4 Bxd4 16. exd4 Qd5 17. Re1 Rae8 18. a3 Re4 19. Rxe4 Qxe4 20. Qe1 Qd5 21. Qe2 c5 22.
dxc5 dxc5 23. Rd1 Qc6 24. Qd2 Re8 25. Kf1 Qb5+ 26. Kg1 Kg7 27. h3 Re2 28. Qf4 Qxb2 29. Rd7 Re1+ 30. Kh2 Qb3 31. Qf3 Qe6 32. Rxb7 a5 33. Ra7 Qd6+ 34. g3 Qe6 35. Rxa5 c4 36.
Rd5 Re5 37. Rxe5 Qxe5 38. Qe3 Qa5 39. Qd4+ f6 40. Qxc4 Qxa3 41. Qd3 Qc5 42. Kg2 Qc6+ 43. Qf3 Qc5 44. Qd3 Qc6+ 45. Kg1 Qe6 46. Qd4 Qxh3 47. c4 Qf5 48. c5 Qb1+ 49. Kg2 Qb7+ 50. Kh2 Kh6 51. Qxf6 Qd5 52. Qf4+ g5 53. Qf6+ Kh5 54. Qd6 Qf3 55. Kg1 h6 56. Qe5 Qd1+ 57. Kg2 1-0

[Event "Live Chess"]
[Site "Chess.com"]
[Date "2024.06.02"]
[Round "-"]
[White "McCarthyStone"]
[Black "Mikhail_Golubev"]
[Result "1-0"]
[WhiteElo "2469"]
[BlackElo "2481"]
[TimeControl "300"]
[EndTime "6:46:36 PDT"]
[Termination "McCarthyStone won by resignation"]

1. b3 d6 2. Bb2 Nd7 3. d4 Ngf6 4. g3 g6 5. Bg2 Bg7 6. Nf3 O-O 7. O-O a5 8. a3 a4 9. b4 c5 10. bxc5 dxc5 11.
d5 Nb6 12. Ne5 Nfxd5 13. c4 Bxe5 14. Bxe5 Nxc4 15. Bxd5 Nxe5 16. Nc3 Bh3 17. Re1 Qc7 18. Qc2 Rfd8 19. Bh1 Bf5 20. Qc1 Rd4 21. Nb5 Qb6 22.
Nxd4 cxd4 23. Qf4 Nc4 24. g4 Bc2 25. Rec1 Bb3 26. Be4 e5 27. Qg5 f6 28. Qh6 Qc7 29.
Rab1 Qg7 30. Bd5+ Kh8 31. Qxg7+ Kxg7 32. Bxc4 1-0

[Event "Live Chess"]
[Site "Chess.com"]
[Date "2024.06.02"]
[Round "-"]
[White "upoe610"]
[Black "LL220284LL"]
[Result "0-1"]
[WhiteElo "2136"]
[BlackElo "2481"]
[TimeControl "300"]
[EndTime "6:46:45 PDT"]
[Termination "LL220284LL won by checkmate"]

1. c4 g6 2. g3 Bg7 3. Bg2 Nf6 4.
Nc3 d6 5. d4 c6 6. e4 Nbd7 7.
Nf3 O-O 8. O-O e5 9. Re1 Qe7 10. Bg5 h6 11. Be3 Rd8 12. d5 c5 13. Rb1 a5 14. a3 Nf8 15. b4 axb4 16.
axb4 b6 17. bxc5 bxc5 18. Nb5 Ng4 19. Bd2 f5 20. h3 Nf6 21. Nh4 Nxe4 22. Bxe4 fxe4 23.
Rxe4 g5 24. Nf3 Bf5 25. Nc3 Ng6 26. Rb6 Bxe4 27. Nxe4 Rab8 28. Qb1 Rxb6 29. Qxb6 Bf8 30. Ba5 Ra8 31. h4 gxh4 32. Qc7 hxg3 33. fxg3 Qxc7 34. Bxc7 Ra6 35. Nh2 Kf7 36. Ng4 h5 37. Ngf6 Be7 38.
Nxh5 Nf8 39. g4 Nd7 40. Nhg3 Nb6 41. Nf5 Nxc4 42. g5 Bf8 43. Kg2 Kg6 44. Nh4+ Kh5 45. Nf5 Kg4 46. Nh6+ Bxh6 47. gxh6 Ne3+ 48. Kf2 Nxd5 49.
h7 Ra8 50. Bxd6 Kf5 51. Nxc5 Rh8 52. Nd3 e4 53. Ne5 Rxh7 54. Nc4 Rb7 55. Ke2 Rb3 56. Bc5 Rc3 57. Nd6+ Kf4 58. Bd4 Rd3 59. Bg7 Nc3+ 60. Ke1 Rd1+ 61. Kf2 e3+ 62. Kg2 Rxd6 63. Bxc3 Rd2+ 64.
Kf1 Kf3 65. Ke1 Rc2 66. Bd2 Rxd2 67. Kf1 Rd1# 0-1

[Event "Live Chess"]
[Site "Chess.com"]
[Date "2024.06.02"]
[Round "-"]
[White "MagnersCarlsberg2870"]
[Black "CheckThis4"]
[Result "0-1"]
[WhiteElo "1782"]
[BlackElo "2680"]
[TimeControl "300"]
[EndTime "6:46:50 PDT"]
[Termination "CheckThis4 won by resignation"]

1. d4 Nf6 2. Nf3 g6 3. Nc3 d5 4. Bg5 Bg7 5. h4 Bg4 6. Qc1 h6 7. Bf4 Nbd7 8. e3 c5 9. Ne5 Be6 10. Bb5 O-O 11. Nxd7 Nxd7 12. e4 cxd4 13. Nxd5 Bxd5 14.
exd5 Qa5+ 15. Kf1 Qxb5+ 16. Kg1 Qxd5 17. Bxh6 Nf6 18. Bxg7 Kxg7 19. h5 Rh8 20. h6+ Kh7 0-1

[Event "Live Chess"]
[Site "Chess.com"]
[Date "2024.06.02"]
[Round "-"]
[White "Colm_Buckley"]
[Black "Frankie_Badacsonyi"]
[Result "0-1"]
[WhiteElo "1882"]
[BlackElo "2380"]
[TimeControl "300"]
[EndTime "6:47:12 PDT"]
[Termination "Frankie_Badacsonyi won by resignation"]

1. d4 e6 2. c4 d5 3. Nc3 Bb4 4. Nf3 Nf6 5. e3 O-O 6. a3 Bxc3+ 7. bxc3 c6 8. Qc2 Qc7 9. Bd3 b6 10. cxd5 cxd5 11. O-O Ba6 12. Re1 Bxd3 13. Qxd3 Nc6 14. Nd2 Na5 15. e4 dxe4 16. Nxe4 Nxe4 17. Rxe4 Rac8 18.
Rh4 f5 19. Bb2 Nc4 20. Bc1 b5 21. g4 Qc6 22. gxf5 Rxf5 23. Qh3 Qf3 24. Be3 Nxe3 25. fxe3 Rg5+ 0-1

[Event "Live Chess"]
[Site "Chess.com"]
[Date "2024.06.02"]
[Round "-"]
[White "CarmelJane"]
[Black "NAZRIZ1977"]
[Result "1-0"]
[WhiteElo "2009"]
[BlackElo "2071"]
[TimeControl "300"]
[EndTime "6:47:15 PDT"]
[Termination "CarmelJane won by resignation"]

1. e4 c6 2. d4 d5 3. e5 Bf5 4. Nf3 e6 5. Be2 Nd7 6. O-O Ne7 7. Be3 Ng6 8. Nbd2 Nh4 9. Nxh4 Qxh4 10. Nf3 Qe7 11. c4 dxc4 12. Bxc4 Nb6 13. Bd3 Bg4 14. h3 Bh5 15. Be2 h6 16. Qb3 g5 17. a3 Rg8 18. Bd2 g4 19. Bb4 gxf3 20. Bxe7 fxe2 21. Rfe1 Bxe7 22. Kh2 O-O-O 23. g4 Bg6 24. Rxe2 Rxd4 25. Rd1 Rxd1 26. Qxd1 Rd8 27. Rd2 Rxd2 28. Qxd2 Nd5 29. Qxh6 Bc5 30. f4 Be3 31. Qh8+ Kc7 32. f5 exf5 33. gxf5 Bxf5 34. Qf8 Be6 35. Qd6+ Kb6 36. h4 Bf4+ 37. Kg1 Bg4 38. Qd8+ Kb5 39. Qe8 Be6 40. h5 Bxe5 41. h6 Bxb2 42. h7 Nf6 43. h8=Q Nxe8 44. Qxb2+ Ka6 45. Qe5 Kb6 46. Kf2 Nc7 47. Qd4+ c5 48. Qd6+ Kb5 49. Qxc7 1-0

[Event "Live Chess"]
[Site "Chess.com"]
[Date "2024.06.02"]
[Round "-"]
[White "lateforthesky"]
[Black "KeithArkell"]
[Result "0-1"]
[WhiteElo "2065"]
[BlackElo "2422"]
[TimeControl "300"]
[EndTime "6:47:17 PDT"]
[Termination "KeithArkell won by checkmate"]

1. e4 c6 2. Nf3 d5 3. exd5 cxd5 4.
Ne5 Nf6 5. d4 Nc6 6. Bb5 Bd7 7.
Nxd7 Qxd7 8. c3 a6 9. Bd3 b5 10.
O-O g6 11. Re1 Bg7 12. Nd2 O-O 13. Nb3 e6 14. Nc5 Qc7 15. a4 Nd7 16. Nxd7 Qxd7 17.
axb5 axb5 18. Rxa8 Rxa8 19. Bxb5 Qb7 20. Bxc6 Qxc6 21.
g3 Bf6 22. Qe2 Kg7 23. h4 h5 24. Kg2 Ra2 25. Qe3 Qc7 26. Re2 Ra1 27. Bd2 Rb1 28. b4 Qc4 29. Be1 Rd1 30. Rd2 Rc1 31. Re2 Rb1 32. Qd2 Qb3 33. Qe3 Qd1 34. Kh2 Kg8 35. Kg2 Bg7 36. Kh2 Bh6 37. Qe5 Ra1 38. Kg2 Bd2 39.
Rxd2 Qxe1 40. Qxe1 Rxe1 41. Rb2 Rc1 42. b5 Rxc3 43.
b6 Rc8 44. b7 Rb8 45. Kf3 Kf8 46. Kf4 f6 47. g4 hxg4 48. Kxg4 Kg7 49. Rb6 Kh6 50. f4 f5+ 51. Kg3 Kh5 52. Kh3 Kh6 53. Kg3 Kg7 54. Kh3 Kf6 55. Kg3 Ke7 56. h5 gxh5 57. Kh4 Kf6 58. Kxh5 Rh8# 0-1

[Event "Live Chess"]
[Site "Chess.com"]
[Date "2024.06.02"]
[Round "-"]
[White "TheSmoulderingMaster"]
[Black "matt1979"]
[Result "1-0"]
[WhiteElo "1772"]
[BlackElo "1419"]
[TimeControl "300"]
[EndTime "6:47:27 PDT"]
[Termination "TheSmoulderingMaster won by resignation"]

1. e4 d6 2. d4 Nf6 3. Nc3 Nbd7 4.
Nf3 e5 5. Bg5 Be7 6. Bc4 c6 7.
O-O b5 8. Bb3 a5 9. a4 b4 10. dxe5 Nxe5 11. Nxe5 dxe5 12. Ne2 O-O 13. Ng3 Qc7 14. f4 Rd8 15. Qe2 Qb6+ 16. Kh1 Qc7 17. Nh5 Nxh5 18. Qxh5 Bxg5 19. fxg5 Ba6 20.
Rxf7 Kh8 21. Rxc7 1-0

[Event "Live Chess"]
[Site "Chess.com"]
[Date "2024.06.02"]
[Round "-"]
[White "mrsmarple1968"]
[Black "McFim"]
[Result "0-1"]
[WhiteElo "1728"]
[BlackElo "1789"]
[TimeControl "300"]
[EndTime "6:48:06 PDT"]
[Termination "McFim won by resignation"]

1. e4 c6 2. d4 d5 3. exd5 cxd5 4. Bd3 Nc6 5. c3 Nf6 6. Nf3 Bg4 7. Nbd2 e6 8. O-O Bd6 9. Re1 O-O 10. Nf1 Bh5 11. Bg5 Bg6 12. Ne5 Be7 13. Nxc6 bxc6 14. Bf4 c5 15.
Ne3 cxd4 16. cxd4 Qb6 17. Bxg6 hxg6 18. b3 Bb4 19. Rf1 Bc3 20. Be5 Bxa1 21. Qxa1 a5 22. Rc1 a4 23. Qb2 axb3 24. axb3 Ra7 25. b4 Rb7 26.
Rb1 Ne4 27. f3 Nd6 28. Bxd6 Qxd6 29. Nc2 Rfb8 30. Qc3 Rc7 31. Qd2 Qc6 32. Ne3 Qa4 33.
Rb2 Rbc8 34. Kf2 Rb7 35. Nc2 Rc4 36. b5 Rbc7 37. b6 Rxc2 38. b7 Rxd2+ 39. Rxd2 Rxb7 0-1

[Event "Live Chess"]
[Site "Chess.com"]
[Date "2024.06.02"]
[Round "-"]
[White "Larchikov"]
[Black "missedJariChance"]
[Result "1-0"]
[WhiteElo "2043"]
[BlackElo "1384"]
[TimeControl "300"]
[EndTime "6:48:17 PDT"]
[Termination "Larchikov won by resignation"]

1. e4 c5 2. f4 e6 3. Nf3 Nc6 4. Bb5 Qc7 5. d4 cxd4 6. Nxd4 Be7 7. Be3 Nf6 8. Nc3 O-O 9. O-O Nxd4 10. Bxd4 Bc5 11. Kh1 a6 12. Be2 Bxd4 13. Qxd4 h6 14. e5 Nh7 15. Bf3 f6 16. Rad1 fxe5 17. fxe5 Ng5 18.
Bh5 b5 19. Rxf8+ Kxf8 20. Qf4+ Kg8 21. h4 Qc4 22. Qxc4 bxc4 23. hxg5 1-0

[Event "Live Chess"]
[Site "Chess.com"]
[Date "2024.06.02"]
[Round "-"]
[White "agamilewska"]
[Black "Val1024"]
[Result "0-1"]
[WhiteElo "1755"]
[BlackElo "1748"]
[TimeControl "300"]
[EndTime "6:48:18 PDT"]
[Termination "Val1024 won by resignation"]

1. d4 d5 2. c4 c6 3. e3 Nf6 4.
Nc3 g6 5. Nf3 Bg7 6. cxd5 cxd5 7.
Bb5+ Nc6 8. O-O O-O 9. Bxc6 bxc6 10. Ne5 Qb6 11. b3 Bf5 12. Ba3 Rfe8 13. Rc1 Ne4 14. Nxe4 Bxe4 15. Nxc6 Qb7 16. Ne5 Rac8 17. Rxc8 Rxc8 18.
f3 Bf5 19. g4 Be6 20. Qd2 f6 21.
Nd3 h5 22. Nc5 Qb6 23. Nxe6 Qxe6 24. gxh5 gxh5 25. Qg2 Kf7 26. Qd2 Bh6 27. f4 Rg8+ 28. Kf2 Qh3 29. Ke1 Rg2 30. Rf2 Rg1+ 31. Ke2 Qg4+ 32. Kd3 Qf5+ 33. Kc3 Qb1 34. Qc2 Qe1+ 35. Rd2 Qxe3+ 36. Qd3 Qxf4 37. Qh7+ Rg7 38. Qd3 Qxd2+ 39. Qxd2 Bxd2+ 40. Kxd2 Rg2+ 41. Kc3 Rxh2 42. Bb2 h4 43. a4 h3 44. Bc1 Rg2 45. Bf4 h2 46. Bxh2 Rxh2 47.
b4 Rh3+ 0-1

[Event "Live Chess"]
[Site "Chess.com"]
[Date "2024.06.02"]
[Round "-"]
[White "Ferrarifan27"]
[Black "DoctorMantisTobogganMD"]
[Result "0-1"]
[WhiteElo "2130"]
[BlackElo "2209"]
[TimeControl "300"]
[EndTime "6:48:25 PDT"]
[Termination "DoctorMantisTobogganMD won by resignation"]

1. e4 c6 2. d4 g6 3. Nf3 Bg7 4. Nc3 d5 5. e5 Bg4 6. h3 Bxf3 7. Qxf3 e6 8. Be3 Nd7 9. Bd3 a6 10. Qg3 c5 11. f4 c4 12. Be2 h5 13. O-O Ne7 14.
Qf2 h4 15. Bg4 b5 16. a3 Rb8 17. Qe1 Nf5 18. Bxf5 gxf5 19. Qe2 Bf8 20. Bf2 Be7 21. Nd1 Nf8 22. Ne3 Ng6 23. Qf3 a5 24. c3 Qb6 25.
Rfb1 a4 26. Nc2 Qb7 27. Ne3 Kd7 28. Re1 Rbg8 29. Rad1 Kc8 30. Kf1 Bf8 31. Ke2 Bh6 32. g3 hxg3 33. Bxg3 Bf8 34. Rh1 Nh4 35. Qf2 Be7 36.
Rdg1 Kd7 37. Bxh4 Bxh4 38. Rxg8 Bxf2 39. Rxh8 Bxe3 40. Kxe3 b4 41. axb4 a3 42. bxa3 Qa6 43. Rg8 Qxa3 44. Rgg1 Qxc3+ 45. Ke2 Qd3+ 46. Kf2 Qxd4+ 47.
Kg3 Qe3+ 48. Kh4 Qxf4+ 49. Kh5 d4 50. b5 d3 51. b6 Kc6 52. Rb1 Kb7 53. Rhg1 d2 54.
h4 c3 55. Rbf1 Qxf1 56. Rxf1 c2 57. Kg5 c1=Q 58. Rxc1 dxc1=Q+ 59. Kf6 Kxb6 60. Kxf7 Qh6 61. h5 Kc6 62. Ke7 Kd5 0-1

[Event "Live Chess"]
[Site "Chess.com"]
[Date "2024.06.02"]
[Round "-"]
[White "Frankie_Badacsonyi"]
[Black "MagnersCarlsberg2870"]
[Result "1-0"]
[WhiteElo "2381"]
[BlackElo "1781"]
[TimeControl "300"]
[EndTime "6:48:30 PDT"]
[Termination "Frankie_Badacsonyi won by resignation"]

1. e4 d5 2. exd5 Nf6 3. Nc3 Nxd5 4. Nxd5 Qxd5 5. Nf3 Bg4 6. Be2 Qh5 7. d3 e6 8. Bf4 Bd6 9. Bxd6 cxd6 10. Qd2 a5 11. h3 a4 12. Qb4 a3 13. Qxg4 1-0

[Event "Live Chess"]
[Site "Chess.com"]
[Date "2024.06.02"]
[Round "-"]
[White "peteopeteo"]
[Black "Nazar-Makarchuk"]
[Result "0-1"]
[WhiteElo "1541"]
[BlackElo "1491"]
[TimeControl "300"]
[EndTime "6:49:07 PDT"]
[Termination "Nazar-Makarchuk won by resignation"]

1. e4 d6 2. d4 e5 3. dxe5 dxe5 4. Qxd8+ Kxd8 5. Nf3 Nc6 6. Bc4 Be6 7. Bxe6 fxe6 8.
Nc3 Nf6 9. O-O Bb4 10. Nxe5 Nxe5 11. Bg5 Bxc3 12. bxc3 Nf7 13. Bf4 Nxe4 14. Rfd1+ Ned6 15. c4 b6 16. Rab1 Ke7 17. Rd4 e5 18. Re1 Kf6 19. Rd3 exf4 20. Rf3 g5 21. g3 Ne5 22. Rb3 fxg3 23. hxg3 Rhe8 24. f4 Nexc4 25. Rf1 Nd2 26. fxg5+ Kxg5 0-1

[Event "Live Chess"]
[Site "Chess.com"]
[Date "2024.06.02"]
[Round "-"]
[White "ACM42"]
[Black "Tatarinov_Maxim"]
[Result "1-0"]
[WhiteElo "2214"]
[BlackElo "2284"]
[TimeControl "300"]
[EndTime "6:49:16 PDT"]
[Termination "ACM42 won on time"]

1. e4 c5 2. Nf3 g6 3. d4 cxd4 4. Nxd4 Bg7 5. Be3 Nc6 6. Nc3 Nf6 7. Nxc6 bxc6 8. e5 Nd5 9. Nxd5 cxd5 10. Qxd5 Rb8 11.
Bd4 O-O 12. O-O-O Bb7 13. Qc5 Bc6 14. f3 Rb7 15. Ba6 Rc7 16. Qa3 Qb8 17. Rhe1 Bb5 18. Bxb5 Qxb5 19. Qxe7 Qc4 20. c3 Qxa2 21. Qa3 Qc4 22.
Kb1 Rb8 23. Re4 Rcb7 24. Rd2 Qc7 25. f4 Bf8 26. Qa4 a5 27. Re3 Rb3 28. e6 Qb7 29. exf7+ Kxf7 30. c4 Ba3 31. Rxb3 Qxb3 32. Qxd7+ Be7 33.
Qd5+ Kf8 34. Bc3 a4 35. c5 Qxd5 36. Rxd5 a3 37. Ka2 axb2 38. Bxb2 Rb5 39. Bd4 Kf7 40. Ka3 Ke6 41. Re5+ Kd7 42. Ka4 Rb8 43. Be3 Ra8+ 44.
Kb4 Bf6 45. Rd5+ Kc6 46. Rd6+ Kc7 47. Rxf6 Rb8+ 48. Kc4 Rb1 49. Rf7+ Kc6 50. Rxh7 Rc1+ 51. Kd3 1-0

[Event "Live Chess"]
[Site "Chess.com"]
[Date "2024.06.02"]
[Round "-"]
[White "resipsa6"]
[Black "GerardATHart"]
[Result "1-0"]
[WhiteElo "2020"]
[BlackElo "1361"]
[TimeControl "300"]
[EndTime "6:49:30 PDT"]
[Termination "resipsa6 won by checkmate"]

1. e4 e5 2. Nf3 Nc6 3. d4 exd4 4.
Nxd4 Bc5 5. Nxc6 bxc6 6. Bd3 Ne7 7. O-O O-O 8. Qh5 Ng6 9. Qxc5 Bb7 10. Nc3 d6 11. Qe3 d5 12. exd5 cxd5 13. Qg3 d4 14.
Ne4 Qd5 15. Ng5 h6 16. Be4 Qb5 17. Bxb7 Qxb7 18. Nxf7 Kxf7 19. b3 Qc6 20. Bb2 Rad8 21. Rad1 Qxc2 22. Bxd4 c5 23. Qc7+ Kg8 24. Qxg7# 1-0

[Event "Live Chess"]
[Site "Chess.com"]
[Date "2024.06.02"]
[Round "-"]
[White "Step-S"]
[Black "Pablo_dmp"]
[Result "0-1"]
[WhiteElo "1326"]
[BlackElo "1980"]
[TimeControl "300"]
[EndTime "6:49:41 PDT"]
[Termination "Pablo_dmp won by resignation"]

1. e4 Nf6 2. e5 Nd5 3. d4 d6 4. Nf3 g6 5. Bc4 e6 6. O-O Bg7 7. exd6 Qxd6 8. Re1 O-O 9. Nbd2 b6 10. Ne4 Qc6 11. a4 a6 12. Nfg5 Qxc4 13. b3 Qc6 14.
c4 Nf6 15. Qg4 Nxg4 0-1

[Event "Live Chess"]
[Site "Chess.com"]
[Date "2024.06.02"]
[Round "-"]
[White "silunn"]
[Black "Queensandpawns"]
[Result "1/2-1/2"]
[WhiteElo "2132"]
[BlackElo "2294"]
[TimeControl "300"]
[EndTime "6:49:57 PDT"]
[Termination "Game drawn by repetition"]

1. e4 e5 2. Nf3 Nf6 3. Nxe5 Nc6 4. d4 Nxe5 5. dxe5 Nxe4 6. Bd3 Nc5 7. Be3 Nxd3+ 8.
Qxd3 Be7 9. Nc3 O-O 10. O-O c6 11. f4 d5 12. f5 Bg5 13. f6 Bxe3+ 14. Qxe3 Qb6 15.
Qxb6 axb6 16. fxg7 Kxg7 17. a3 Re8 18. Rae1 Bg4 19.
Rf4 Bh5 20. h4 Re7 21. g4 Bg6 22. Rf2 Rae8 23. h5 Be4 24. Nxe4 Rxe5 25. Ref1 Rxe4 26.
Rxf7+ Kh6 27. Kh2 Rxg4 28. Kh3 Rge4 29. R1f6+ Kg5 30. Rf5+ Kh6 31. R5f6+ Kxh5 32. Rf5+ Kg6 33.
R5f6+ Kg5 34. Rf5+ Kh6 35. R5f6+ Kg5 36. Rf5+ Kg6 37.
R5f6+ Kh5 38. Rf5+ Kg6 1/2-1/2

[Event "Live Chess"]
[Site "Chess.com"]
[Date "2024.06.02"]
[Round "-"]
[White "davigator"]
[Black "DoYouLikeCurry"]
[Result "1-0"]
[WhiteElo "2358"]
[BlackElo "1438"]
[TimeControl "300"]
[EndTime "6:49:58 PDT"]
[Termination "davigator won on time"]

1. e4 c6 2. d4 d5 3. e5 c5 4.
dxc5 Nc6 5. a3 Qa5+ 6. Nc3 Qxc5 7. Nxd5 Qa5+ 8. b4 Qd8 9. Bb2 Be6 10. Nf4 Bd7 11. Bc4 e6 12. Nf3 Nge7 13. O-O Ng6 14. Ne2 Qc7 15. Bd3 Ngxe5 16. Nxe5 Nxe5 17. Be4 Rd8 18. Qc1 Nc4 19. Bc3 Bb5 20. Bd3 Nd6 21. Qb2 Bxd3 22.
cxd3 Rc8 23. Bxg7 Bxg7 24. Qxg7 Ke7 25. Qg5+ Kd7 26. d4 Rcg8 27. Qf4 Qc6 28. f3 Qc2 29. Rf2 Qg6 30. Rc1 Rc8 31. Rd1 Rc2 32. d5 Re8 33.
dxe6+ Qxe6 34. Ng3 Rxf2 35. Kxf2 Qa2+ 36. Kg1 Re6 37. Ne4 Qc4 38. Rxd6+ Rxd6 39. Qxd6+ Kc8 40. Qc5+ Qxc5+ 41. bxc5 Kc7 42. Kf2 Kc6 43. Ke3 1-0